 Dungeon Crawl Stone Soup version 0.24.0-13-gcf9b319 (webtiles) character file.

Game seed: 4962769628859620239, levelgen mode: deterministic

1665 Bronimir the Stinger (level 8, -2/57 HPs)
             Began as a Demonspawn Venom Mage on Apr 20, 2020.
             Was an Initiate of Vehumet.
             Slain by Harold
             ... wielding a cursed -2 hand axe
              (13 damage)
             ... on level 7 of the Dungeon.
             The game lasted 00:26:45 (10280 turns).

Bronimir the Stinger (Demonspawn Venom Mage)       Turns: 10280, Time: 00:26:46

Health: -2/57      AC:  0    Str:  8    XL:     8   Next: 69%
Magic:  15/15      EV: 14    Int: 19    God:    Vehumet [......]
Gold:   673        SH:  0    Dex: 14    Spells: 1/16 levels left

rFire    + . .     SeeInvis +   a - +3 hand axe (elec)
rCold    . . .     Gourm    .   (no shield)
rNeg     . . .     Faith    .   F - +0 leather armour
rPois    .         Spirit   .   (no helmet)
rElec    .         Reflect  .   (no cloak)
rCorr    .         Harm     .   (no gloves)
MR       .....                  (no boots)
Stlth    ++........             (no amulet)
HPRegen  0.19/turn              i - ring of protection from fire
MPRegen  0.14/turn              o - ring of see invisible

@: about to teleport, marked, corroded, flying, very slightly contaminated
A: claws 2, repulsion field 1
a: Renounce Religion


You were on level 7 of the Dungeon.
You worshipped Vehumet.
Vehumet was noncommittal.
You were not hungry.

You visited 1 branch of the dungeon, and saw 7 of its levels.

You collected 673 gold pieces.

Inventory:

Hand Weapons
 a - a +3 hand axe of electrocution (weapon)
 b - a +0 shortbow
 w - a +1 spear
 C - the +1 spear "Spiderbane" {chaos, MR++}
   (You found it on level 5 of the Dungeon)

   Each time it hits an enemy it has a different, random effect.
   It affects your resistance to hostile enchantments.
 G - a +0 hunting sling
Missiles
 e - 44 poisoned darts (quivered)
 f - 169 stones
 n - 41 sling bullets
 p - 51 arrows
Armour
 v - a +1 ring mail
 y - a +0 scale mail
 F - a +0 leather armour (worn)
Jewellery
 d - an uncursed amulet of guardian spirit {unknown}
 i - a ring of protection from fire (left claw)
 o - a ring of see invisible (right claw)
Wands
 r - a wand of enslavement (7)
 E - a wand of scattershot (3)
Scrolls
 h - a scroll of teleportation
 s - a scroll of enchant armour
 t - a scroll of vulnerability {unknown}
 u - 7 scrolls of identify
 x - a scroll of amnesia
 A - 2 scrolls of remove curse
Potions
 j - a potion of berserk rage {unknown}
 k - a potion of flight
 l - 2 potions of curing {unknown}
 q - a potion of degeneration {unknown}
 B - 2 potions of haste {unknown}
 D - a potion of ambrosia {unknown}
Comestibles
 c - 10 rations
 z - 2 chunks of flesh


   Skills:
 + Level 2.3 Fighting
 * Level 2.5(3.3) Axes
 + Level 3.2(3.7) Polearms
 + Level 1.7 Slings
 + Level 0.8 Bows
 * Level 3.5 Armour
 + Level 2.5 Dodging
 - Level 1.7 Stealth
 + Level 4.7 Spellcasting
 * Level 3.7 Conjurations
 * Level 5.7 Poison Magic


You had one spell level left.
You knew the following spells:

 Your Spells              Type           Power        Failure   Level  Hunger
a - Sting                 Conj/Pois      ###.         2%          1    None
b - Poisonous Vapours     Pois/Air       ###...       9%          2    #......
c - Mephitic Cloud        Conj/Pois/Air  ###.....     14%         3    ##.....
d - Olgreb's Toxic Radia  Pois           ####....     17%         4    ####...
e - Venom Bolt            Conj/Pois      ###.......   56%         5    ######.

Your spell library contained the following spells:

 Spells                   Type           Power        Failure   Level  Hunger


Dungeon Overview and Level Annotations

Branches:
Dungeon (7/15)
 Temple: D:4-7

Altars:
Kikubaaqudgha
Nemelex Xobeh
Trog
Vehumet
The Shining One

Annotations:
D:7 Dowan, Duvessa, Harold


Innate Abilities, Weirdness & Mutations

You have very sharp fingernails.
You are surrounded by a mild repulsion field. (EV +2)


Message History

The orc wizard blinks!
Harold zaps a wand.
The bolt of acid hits you!
* * * LOW HITPOINT WARNING * * *
The acid corrodes you!
You are splashed with acid!
* * * LOW HITPOINT WARNING * * *
You feel much better. Harold casts a spell at you. The harpoon shot hits you!
* * * LOW HITPOINT WARNING * * *
You are yanked forward by the harpoon shot.
As you read the scroll of teleportation, it crumbles to dust.
You feel strangely unstable. Harold gestures at you while chanting.
A sentinel's mark forms upon you.
Evoke which item? (* to show all) (? for menu, Esc to quit)
Okay, then.
It was a potion of flight.
You feel very buoyant.
You fly up into the air.
The orc wizard completely misses you.
Harold hits you with a cursed -2 hand axe!
You die...

##### #######
##.....##.....##
##..............##
#.......?........#
#................#
#........†.......#
#...$...........$#
#...@............#
#...@............#...
##e.o...........##...
...#o<................
.⌠.⌠.e..######..........
.._..#### ##.........
.⌠.oS ###......... .S..
###........... ....
#............. .
..............##


You could see Harold, Duvessa, an orc warrior, Dowan, an orc priest, an orc
wizard and an adder.

Vanquished Creatures
  An ice beast (D:5)
  2 phantoms (D:5)
  An ogre (D:4)
  A centaur (D:6)
  2 scorpions
  2 howler monkeys
  3 crimson imps (D:5)
  5 hounds
  2 orc priests
  5 orc wizards
  A centaur skeleton (D:4)
  4 iguanas
  7 worker ants
  A hound skeleton (D:4)
  10 adders
  3 shadow imps
  5 oozes
  2 adder skeletons (D:5)
  6 worms
  2 dart slugs
  5 leopard geckos
  22 orcs
  13 bats
  3 giant cockroaches
  7 goblins
  10 hobgoblins
  5 quokkas
  A ball python (D:3)
  A ball python skeleton (D:5)
  10 frilled lizards
  A jackal skeleton (D:7)
  10 kobolds
  A leopard gecko zombie (D:5)
  A quokka skeleton (D:4)
  12 rats
167 creatures vanquished.

Vanquished Creatures (others)
  A giant cockroach (D:7)
1 creature vanquished.

Grand Total: 168 creatures vanquished

Notes
Turn   | Place    | Note
-------+----------+-------------------------------------------
     0 | D:1      | Bronimir the Demonspawn Venom Mage began the quest for the
                  | Orb.
     0 | D:1      | Reached XP level 1. HP: 13/13 MP: 3/3
   374 | D:1      | Gained mutation: You have sharp fingernails. [demonic
                  | ancestry]
   374 | D:1      | Reached XP level 2. HP: 19/19 MP: 1/5
  1120 | D:2      | Learned a level 2 spell: Poisonous Vapours
  1205 | D:2      | Gained mutation: You have very sharp fingernails. [demonic
                  | ancestry]
  1205 | D:2      | Reached XP level 3. HP: 23/24 MP: 3/6
  1712 | D:2      | Learned a level 3 spell: Mephitic Cloud
  1846 | D:2      | Reached skill level 1 in Polearms
  1913 | D:2      | Noticed a moth of wrath
  1916 | D:2      | Found a bloodstained altar of Trog.
  1989 | D:2      | Reached XP level 4. HP: 21/30 MP: 1/8
  2277 | D:2      | Reached skill level 1 in Armour
  3770 | D:3      | Gained mutation: You are surrounded by a mild repulsion
                  | field. (EV +2) [demonic ancestry]
  3770 | D:3      | Reached XP level 5. HP: 35/35 MP: 4/9
  4588 | D:3      | Learned a level 4 spell: Olgreb's Toxic Radiance
  4990 | D:4      | Reached skill level 4 in Poison Magic
  5147 | D:4      | Reached XP level 6. HP: 41/41 MP: 2/11
  5667 | D:4      | Reached XP level 7. HP: 39/47 MP: 6/13
  6163 | D:4      | Reached skill level 5 in Poison Magic
  6535 | D:4      | Found a glowing golden altar of the Shining One.
  6572 | D:5      | Entered Level 5 of the Dungeon
  7736 | D:5      | Reached skill level 1 in Fighting
  7736 | D:5      | Reached skill level 1 in Slings
  7890 | D:5      | Reached XP level 8. HP: 23/54 MP: 11/14
  8259 | D:5      | Reached skill level 1 in Axes
  8314 | D:5      | Learned a level 5 spell: Venom Bolt
  8719 | D:5      | Found an ancient bone altar of Kikubaaqudgha.
  8934 | D:5      | Got a crude spear
  8935 | D:5      | Identified the +1 spear "Spiderbane" {chaos, MR++} (You
                  | found it on level 5 of the Dungeon)
 10127 | D:6      | Found a radiant altar of Vehumet.
 10145 | D:6      | Became a worshipper of Vehumet
 10267 | D:7      | Noticed Harold
 10272 | D:7      | Found a sparkling altar of Nemelex Xobeh.
 10272 | D:7      | Noticed Dowan
 10273 | D:7      | Noticed Duvessa
 10280 | D:7      | Slain by Harold

Levels and vault maps discovered:
D:1:      minmay_arrival_four_houses, layout_basic, minmay_crystal_room,
          serial_park_tiny_2
D:2:      layout_basic, tgw_trog, first_ration
D:3:      layout_basic, grunt_decor_resistance
D:4:      minmay_polygon_palace, layout_basic, kennysheep_mini_moat,
          grunt_ministairs_13
D:5:      layout_layer_cave, kiku_gazebo_pond_becter, lightli_corner_chamber
D:6:      minmay_cornered_nines, layout_loops_ring, vehumet_crystals,
          minmay_temple_entry_grid
D:7:      layout_rooms, nemelex_xobeh_ov_fountains_minmay, uniq_duvessa,
          uniq_menkaure, uniq_harold

Skill      XL: |  1  2  3  4  5  6  7  8 |
---------------+-------------------------+-----
Polearms       | 1 2 3 |  3.2
Armour         | 1 2 3 |  3.5
Spellcasting   | 3 4 |  4.7
Conjurations   | 2 3 |  3.7
Poison Magic   | 4 5 |  5.7
Dodging        | 2 |  2.5
Fighting       | 1 2 |  2.3
Slings         | 1 |  1.7
Axes           | 2 |  2.5
Bows           | |  0.8
Stealth        | |  1.7

Action                   |  1- 3 |  4- 6 |  7- 9 || total
-------------------------+-------+-------+-------++-------
Melee: Unarmed           |     1 |       |       ||     1
       Spear             |    82 |   205 |    89 ||   376
       Hand axe          |       |       |    84 ||    84
 Fire: Hunting sling     |       |       |    18 ||    18
       Shortbow          |       |       |     7 ||     7
Throw: Dart              |     1 |       |       ||     1
 Cast: Sting             |    44 |    10 |    30 ||    84
       Poisonous Vapours |     8 |    30 |    23 ||    61
       Mephitic Cloud    |     2 |    10 |     8 ||    20
       Olgreb's Toxic Ra |       |     5 |     6 ||    11
  Use: Scroll            |       |       |    14 ||    14
       Potion            |       |       |     2 ||     2
 Stab: Sleeping          |     3 |     2 |     1 ||     6
       Confused          |     1 |     7 |       ||     8
  Eat: Chunk             |     4 |    15 |    14 ||    33
       Ration            |       |       |     1 ||     1
Armor: Robe              |    17 |    19 |     9 ||    45
       Scale mail        |       |       |     4 ||     4
       Leather armour    |       |       |     2 ||     2
Dodge: Dodged            |    59 |   108 |   132 ||   299
